 Dungeon Crawl Stone Soup version 0.30-a0-760-g5a9884bb7c (webtiles) character file.

Game seed: 2695828936081227867

11477 oldmanjim the Nimble (level 12, -1/91 HPs)
             Began as a Djinni Conjurer on Feb 9, 2023.
             Slain by a purple ugly thing (17 damage)
             ... on level 14 of the Dungeon on Feb 10, 2023.
             The game lasted 01:06:22 (11858 turns).

oldmanjim the Nimble (Djinni Conjurer)             Turns: 11858, Time: 01:06:23

Health: -1/91      AC:  5    Str:  6    XL:     12   Next: 8%
Gold:   422        EV: 23    Int: 33    God:
                   SH:  0    Dex: 16

rFire   + + .      SeeInvis .    a - +4 mace of Qoder {drain, rC+ rCorr Int+8 Dex-2}
rCold   . . .      Faith    .    (no shield)
rNeg    . . .      Spirit   .    U - +2 robe {Will+}
rPois   ∞          Reflect  .    C - +0 helmet
rElec   .          Harm     .    (no cloak)
rCorr   +          Rampage  .    (no gloves)
Will    ++...                    (boots unavailable)
Stlth   ++                       K - amulet of regeneration
HPRegen 1.15/turn                z - +5 ring of evasion
MPRegen 0.00/turn                T - +6 ring of dexterity

@: flying, studying Shields
A: sickness immunity, fire resistance 2, cold vulnerability 1, float, innate
caster, HP casting, extra vitality 1
a: no special abilities


You were on level 14 of the Dungeon.
You visited 2 branches of the dungeon, and saw 13 of its levels.
You also visited: Bailey.

You collected 705 gold pieces.
You spent 283 gold pieces at shops.

Inventory:

Hand Weapons
 a - the +4 mace of Qoder (weapon) {drain, rC+ rCorr Int+8 Dex-2}
   (You found it on level 2 of the Dungeon)

   Int:       It affects your intelligence (+8).
   Dex:       It affects your dexterity (-2).
   rC:        It protects you from cold.
   rCorr:     It protects you from acid and corrosion.
 I - a +7 broad axe
Missiles
 f - 22 poisoned darts
 j - 70 stones
 o - 22 boomerangs
 p - 3 silver javelins
 Q - a throwing net
 R - a curare-tipped dart
Armour
 q - a +0 robe
 C - a +0 helmet (worn)
 F - a +0 leather armour of fire resistance
 U - a +2 robe of willpower (worn)
Magical Staves
 S - a staff of conjuration
Jewellery
 s - a ring of see invisible
 x - an amulet of the acrobat
 z - a +5 ring of evasion (left hand)
 A - a +6 ring of strength
 G - a ring of flight
 K - an amulet of regeneration (around neck)
 T - a +6 ring of dexterity (right hand)
 W - an amulet of reflection
Wands
 y - a wand of quicksilver (9)
 E - a wand of mindburst (21)
 O - a wand of flame (14)
 P - a wand of iceblast (3)
Scrolls
 b - a scroll of enchant armour
 d - 10 scrolls of teleportation
 g - 5 scrolls of fog
 h - a scroll of poison
 i - 3 scrolls of immolation
 t - 2 scrolls of summoning
 v - 2 scrolls of enchant weapon
 D - a scroll of silence
 J - a scroll of magic mapping
 V - a scroll of identify
Potions
 c - 7 potions of curing {unknown}
 e - 2 potions of might {unknown}
 l - 4 potions of haste {unknown}
 m - 2 potions of degeneration {unknown}
 n - 3 potions of brilliance {unknown}
 r - 4 potions of attraction {unknown}
 u - 4 potions of mutation {unknown}
 w - a potion of ambrosia
 B - 3 potions of flight {unknown}
 H - a potion of invisibility {unknown}
 M - a potion of cancellation {unknown}
 N - a potion of lignification {unknown}
 X - a potion of heal wounds {unknown}
Miscellaneous
 L - a tin of tremorstones (2/2)


   Skills:
 + Level 10.2 Fighting
 + Level 11.4 Dodging
 - Level 1.5 Stealth
 + Level 8.6 Spellcasting
 - Level 5.0 Evocations


You couldn't memorise any spells.
You knew the following spells:

 Your Spells              Type           Power      Damage    Failure   Level
a - Magic Dart            Conj           100%       1d8       1%          1
b - Searing Ray           Conj           100%       2d8       1%          2
c - Dazzling Flash        Conj/Hex       100%       N/A       1%          3
d - Fulminant Prism       Conj/Hex       31%        3d15      1%          4
e - Iskenderun's Mystic   Conj/Tloc      63%        2d13      1%          4
f - Freeze                Ice            100%       1d10      1%          1
g - Blink                 Tloc           100%       N/A       1%          2
h - Confusing Touch       Hex            63%        N/A       1%          3
i - Olgreb's Toxic Radia  Pois           63%        N/A       1%          4
j - Passage of Golubria   Tloc           63%        N/A       1%          4
Your spell library was empty.

Dungeon Overview and Level Annotations

Branches:
Dungeon (14/15)            Temple (1/1) D:7            Lair (0/5) D:8
 Bailey (visited)
    Orc: D:9-12      Vaults: D:13-14

Altars:
Ashenzari
Cheibriados
Dithmenos
Elyvilon
Fedhas
Gozag
Hepliaklqana
Nemelex Xobeh
Okawaru
Qazlal
Ru
Trog
Uskayaw
Wu Jian
Xom
Yredelemnul
Zin
The Shining One

Shops:
D:2 (   D:4 [   D:5 (   D:8 **

Annotations:
D:4 3 runed translucent doors, exclusion: 3 doors, Dittersdorf's ghost, amateur GrFi
D:7 1 runed translucent door, exclusion: door, Crazy Yiuf
D:8 2 transporters, soul19's ghost, novice TrFi


Innate Abilities, Weirdness & Mutations

You are immune to sickness and miasma.
You are immune to poison.
Your flesh is very heat resistant. (rF++)
You are vulnerable to cold. (rC-)
You float through the air rather than walking.
You learn spells naturally, not from books.
Your magical power is your life essence.
You have superior vitality. (+4 MHP)


Message History

A killer bee comes into view.
The killer bee misses you.
The meliai calls down the wrath of its god upon you.
Something smites you!
* * * LOW HITPOINT WARNING * * *
The killer bee misses you.
Your fulminant prism crackles loudly.
Your fulminant prism explodes!
The blast of energy engulfs the killer bee!!
You kill the killer bee!
The blast of energy engulfs the purple ugly thing!!
The purple ugly thing is moderately wounded.
You hear an angry buzzing noise. x2
A queen bee comes into view.
The killer bee misses you.
The killer bee stings your fulminant prism.
The killer bee misses you.
Your fulminant prism explodes!
The blast of energy engulfs the boulder beetle!!
The boulder beetle is moderately wounded.
The blast of energy engulfs the killer bee!!
You kill the killer bee!
You hear an angry buzzing noise.
Casting: Iskenderun's Mystic Blast (mildly dangerous; 1% risk of failure)
Confirm with . or Enter, or press ? or * to list all spells.
You erupt in a blast of force!
The mystic blast hits the killer bee!
The killer bee is almost dead.
The mystic blast hits the boulder beetle.
The boulder beetle is moderately wounded.
The mystic blast hits the killer bee.
You kill the killer bee!
The mystic blast hits the purple ugly thing.
The purple ugly thing is heavily wounded.
The purple ugly thing is knocked back by the mystic blast.
The purple ugly thing collides with the killer bee!
You kill the killer bee!
* * * LOW HITPOINT WARNING * * *
A purple ugly thing comes into view.
The purple ugly thing pecks you!
You die...

,,,,,,,,,,,+,**,,,,,,,,,,,* *,*,*
,,,,,,,,,,,****,,,,,,u..,,***,*,*
,,,,,,,,,,,* *,,,,,,y..,,**,,***
,,,,,,,,,,,* *,,,,,.y.,,,+,,***,
************ *,,,yyyy,,,,**** *,
,** ***##y#****** ** ,,*
##...####*** * *,** #†uy..!..,,*
* *,,* #@y......,,* ***** **,*
#.B......,,***,,,, *,**
#........,>+,*,,,, *,,*
#........,,*,,,,,, **,*
#........,,***,,,, *,*
#########+** *,,,, *,* *,,* *,,,,
*,* ****,** *,,,, *,* **,,,,*
*****


You could see a boulder beetle, 2 ugly things, 2 meliai and 6 killer bees.

Vanquished Creatures
  An orc warlord (Bailey)
  Erica (D:9)
  A two-headed ogre (D:10)
  A tengu warrior (D:13)
  A komodo dragon (D:8)
  A hornet (D:8)
  Grinder (D:5)
  2 shadows
  A vampire (D:9)
  A wyvern (D:9)
  16 yaks
  Grum (D:8)
  2 steam dragons
  An unseen horror simulacrum (D:8)
  An acid dragon (D:9)
  4 water moccasins
  7 orc warriors
  2 ice beasts
  2 sky beasts
  A black bear (D:8)
  2 ogres
  6 wolves (D:8)
  2 centaurs
  A phantom (D:5)
  A kobold brigand (D:9)
  6 bullfrogs
  A necrophage (D:5)
  3 scorpions
  8 killer bees (D:14)
  2 oklob saplings (D:10)
  4 howler monkeys
  4 orc priests
  2 hounds (D:5)
  A jelly (D:4)
  A gnoll bouda (D:8)
  4 iguanas
  Natasha (thrice) (D:4)
  11 orc wizards
  11 gnolls
  12 adders
  A shadow imp (D:7)
  6 white imps
  3 ufetubi (D:8)
  A worm (D:4)
  7 dart slugs
  40 orcs
  3 endoplasms
  2 giant cockroaches
  10 hobgoblins
  3 jackals (D:10)
  15 kobolds
  A quokka (D:4)
  9 ball pythons
  4 bats
  6 frilled lizards
  9 goblins
  6 rats
259 creatures vanquished.

Vanquished Creatures (others)
  60 fulminant prisms
  39 fungi (D:8)
  54 plants
153 creatures vanquished.

Grand Total: 412 creatures vanquished

Notes
Turn   | Place    | Note
-------+----------+-------------------------------------------
     0 | D:1      | oldmanjim the Djinni Conjurer began the quest for the Orb.
     0 | D:1      | oldmanjim set off with the following spells memorised:
                  | Magic Dart, Searing Ray, Dazzling Flash, Fulminant Prism,
                  | Iskenderun's Mystic Blast.
     0 | D:1      | Reached XP level 1. HP: 15/15 MP: 0/0
   432 | D:1      | Reached XP level 2. HP: 16/22 MP: 0/0
   695 | D:1      | Reached skill level 1 in Fighting
   917 | D:2      | Reached XP level 3. HP: 24/27 MP: 0/0
   917 | D:2      | Learned a level 1 spell: Freeze
  1006 | D:2      | Reached skill level 3 in Dodging
  1238 | D:2      | Identified the +4 mace of Qoder {drain, rC+ rCorr Int+8
                  | Dex-2}
  1418 | D:2      | Reached XP level 4. HP: 31/32 MP: 0/0
  1426 | D:2      | Found Nyalaum's Weapon Shop.
  2127 | D:3      | Found a glowing golden altar of the Shining One.
  2478 | D:3      | Reached XP level 5. HP: 19/38 MP: 0/0
  2478 | D:3      | Learned a level 2 spell: Blink
  3117 | D:4      | Reached skill level 4 in Dodging
  3117 | D:4      | Reached XP level 6. HP: 37/45 MP: 0/0
  3213 | D:4      | Found Pearer's Antique Armour Shoppe.
  3448 | D:4      | Noticed Natasha
  3452 | D:4      | Killed Natasha
  3522 | D:4      | Noticed Natasha
  3525 | D:4      | Killed Natasha
  3526 | D:4      | Reached XP level 7. HP: 47/50 MP: 0/0
  3526 | D:4      | Learned a level 3 spell: Confusing Touch
  3586 | D:4      | Found a runed translucent gate.
  3587 | D:4      | Found a runed translucent gate.
  3587 | D:4      | Found a runed translucent gate.
  3588 | D:4      | Noticed Dittersdorf's ghost (amateur GrFi)
  3742 | D:4      | Noticed Natasha
  3745 | D:4      | Killed Natasha
  4084 | D:5      | Entered Level 5 of the Dungeon
  4090 | D:5      | Reached skill level 5 in Dodging
  4492 | D:5      | Found Quedapn's Antique Weapon Boutique.
  4514 | D:5      | Found a bloodstained altar of Trog.
  4642 | D:5      | Reached XP level 8. HP: 50/58 MP: 0/0
  4837 | D:5      | Noticed Grinder
  4845 | D:5      | Killed Grinder
  4846 | D:5      | Reached skill level 6 in Dodging
  4846 | D:5      | Reached skill level 5 in Spellcasting
  4851 | D:5      | Reached skill level 5 in Fighting
  5351 | D:6      | Found a hide-covered altar of Uskayaw.
  5565 | D:6      | Found an iron altar of Okawaru.
  5864 | D:7      | Found a staircase to the Ecumenical Temple.
  5875 | Temple   | Entered the Ecumenical Temple
  6031 | D:7      | Reached XP level 9. HP: 42/66 MP: 0/0
  6031 | D:7      | Learned a level 4 spell: Olgreb's Toxic Radiance
  6239 | D:7      | Reached skill level 7 in Dodging
  7049 | D:7      | Upgraded the game from 0.30-a0-748-ge6a52f7cba to
                  | 0.30-a0-757-ga6a79fd877
  7060 | D:7      | Found a snail-covered altar of Cheibriados.
  7139 | D:7      | Reached skill level 8 in Dodging
  7413 | D:7      | Found a runed translucent door.
  7414 | D:7      | Noticed Crazy Yiuf
  7645 | D:8      | Reached XP level 10. HP: 45/75 MP: 0/0
  7645 | D:8      | Noticed a komodo dragon
  7932 | D:8      | Reached skill level 9 in Dodging
  7974 | D:8      | Noticed Grum
  7980 | D:8      | Killed Grum
  8128 | D:8      | Found a transporter.
  8233 | D:8      | Found Ceofustu's Demolitions Depot.
  8249 | D:8      | Found an opulent altar of Gozag.
  8252 | D:8      | Found a basalt altar of Yredelemnul.
  8440 | D:8      | Reached skill level 1 in Evocations
  8673 | D:8      | Killed a komodo dragon
  8726 | D:8      | Found Iseuhiyz's Assorted Antiques.
  8735 | D:8      | Bought a silvery potion for 23 gold pieces
  8735 | D:8      | Bought a glowing leather armour for 130 gold pieces
  8735 | D:8      | Bought a scratched peridot ring for 130 gold pieces
  8796 | D:8      | Noticed soul19's ghost (novice TrFi)
  9024 | D:8      | Found a staircase to the Lair.
  9061 | D:8      | Found a transporter.
  9233 | D:9      | Found a flagged portal.
  9241 | D:9      | Reached skill level 10 in Dodging
  9241 | D:9      | Reached XP level 11. HP: 35/82 MP: 0/0
  9241 | D:9      | Learned a level 4 spell: Passage of Golubria
  9254 | Bailey   | Entered a bailey
  9453 | Bailey   | Noticed an orc warlord
  9590 | Bailey   | Found a runed translucent gate.
  9591 | Bailey   | Found a runed translucent gate.
  9592 | Bailey   | Found a runed translucent gate.
  9809 | Bailey   | Killed an orc warlord
 10036 | Bailey   | Acquired a manual of Shields
 10274 | D:9      | Noticed Erica
 10282 | D:9      | Killed Erica
 11168 | D:9      | Found a glowing silver altar of Zin.
 11269 | D:10     | Entered Level 10 of the Dungeon
 11380 | D:10     | Noticed a two-headed ogre
 11395 | D:10     | Killed a two-headed ogre
 11396 | D:10     | Reached skill level 11 in Dodging
 11489 | D:10     | Reached skill level 5 in Evocations
 11499 | D:10     | Reached skill level 10 in Fighting
 11715 | D:10     | Upgraded the game from 0.30-a0-757-ga6a79fd877 to
                  | 0.30-a0-760-g5a9884bb7c
 11806 | D:10     | You are sucked into a shaft and drop 3 floors!
 11825 | D:13     | Noticed a tengu warrior
 11835 | D:13     | Killed a tengu warrior
 11836 | D:13     | Reached XP level 12. HP: 90/91 MP: 0/0
 11836 | D:13     | Noticed a centaur warrior
 11845 | D:14     | Noticed a boulder beetle
 11858 | D:14     | Slain by a purple ugly thing

Illustrated notes

Levels and vault maps discovered:
D:1:      mrwooster_arrival_statue_3, layout_basic
D:2:      layout_loops_corners, serial_shops, nicolae_shop_behind_doors,
          minmay_fountain_box
D:3:      layout_basic, tso_metal_star
D:4:      layout_loops_ring, serial_shops,
          nicolae_shop_temple_entry_statues_fountains,
          ebering_ghost_rock_garden, uniq_natasha
D:5:      layout_gridville, lemuel_crystal_altar, serial_shops,
          nicolae_take_the_stairs, corexii_leaking_fountain,
          minmay_misc_feat_nine_boxes, uniq_grinder
D:6:      layout_cave_pools, mainiacjoe_overflow_surrounded_room,
          mainiacjoe_overflow_24_doors
D:7:      layout_basic, mainiacjoe_overflow_paths,
          minmay_temple_entry_statues_pillars, uniq_crazy_yiuf_cottage
D:8:      layout_basic, grunt_temple_overflow_open, due_lair_maze_entry_diamond,
          serial_ice, serial_ice_k, serial_ice_a, serial_ice_d, serial_ice_f,
          serial_ice_o, gammafunk_ghost_hive, serial_shops,
          nicolae_shop_crystal, nicolae_blasting_shop, uniq_grum
D:9:      layout_loops_cross, zin_statuary, enter_bailey_5, grunt_ogre_cave,
          uniq_erica
D:10:     gammafunk_boulding_lane, layout_loops_ring,
          mainiacjoe_overflow_cross_hatched, introduction_to_nature_2
D:13:     layout_basic, skrybe_vaults_entry_preservation,
          nicolae_uskayaw_en_pointe
D:14:     layout_roguey [special_room_bee], corexii_corridor_pit
Temple:   nicolae_temple_ecumenical_triangle

Skill      XL: |  1  2  3  4  5  6  7  8  9 10 11 |
---------------+----------------------------------+-----
Fighting       | 1 2 3 4 5 7 8 10 | 10.2
Dodging        | 3 4 5 6 8 10 11 | 11.4
Spellcasting   | 4 5 6 7 8 |  8.6
Evocations     | 2 5 |  5.0
Stealth        | |  1.5

Action                     |  1- 3 |  4- 6 |  7- 9 | 10-12 || total
---------------------------+-------+-------+-------+-------++-------
  Melee: Mace              |       |     5 |    16 |    20 ||    41
         Punch             |       |     1 |       |       ||     1
   Cast: Magic Dart        |    56 |   105 |   110 |    69 ||   340
         Searing Ray       |       |     7 |    21 |    12 ||    40
         Fulminant Prism   |       |     2 |    20 |    38 ||    60
         Iskenderun's Myst |       |       |     5 |     8 ||    13
         Olgreb's Toxic Ra |       |       |    11 |    80 ||    91
    Use: Scroll            |       |       |     9 |     6 ||    15
   Stab: Sleeping          |       |     1 |       |       ||     1
 Armour: Robe              |       |     4 |     4 |     4 ||    12
         Steam dragon scal |       |       |       |     2 ||     2
  Dodge: Dodged            |     4 |    20 |    59 |    83 ||   166

Table legend: (Time is in decaauts)
 A = Elapsed time spent in this place.
 B = Non-inter-level travel time spent in this place.
 C = Inter-level travel time spent in this place.
 D = Time resting spent in this place.
 E = Time spent auto-exploring this place.
 F = Levels seen in this place.
 G = Mean time per level.
                   A        B        C        D        E       F      G
               +--------+--------+--------+--------+--------+-----+--------+
         Total |  11872 |  11476 |    396 |    938 |   8573 |  14 |  848.0 |
       Dungeon |  10726 |  10334 |    392 |    685 |   8059 |  12 |  893.8 |
        Temple |    344 |    340 |      4 |      0 |    329 |   1 |  344.0 |
        Bailey |    801 |    801 |      0 |    253 |    185 |   1 |  801.0 |
               +--------+--------+--------+--------+--------+-----+--------+

Top non-repeatable levels by time:
     D:8: 1546 daAuts
     D:7: 1428 daAuts
     D:5: 1230 daAuts
     D:4: 1162 daAuts
     D:9: 1086 daAuts
     D:2: 1044 daAuts
     D:3: 1033 daAuts
     D:1: 844 daAuts
  Bailey: 801 daAuts
     D:6: 761 daAuts
    D:10: 536 daAuts
  Temple: 344 daAuts
    D:13: 38 daAuts
    D:14: 12 daAuts
